 Dungeon Crawl Stone Soup version 0.32-a0-981-g384da2ce10 (webtiles) character file.

Game seed: 16169304897550705596

203 shadizar the Conjurer (level 5, -1/38 HPs)
             Began as a Demigod Conjurer on Apr 20, 2024.
             Succumbed to a kobold brigand's curare-tipped dart
             ... in a sewer.
             The game lasted 00:05:18 (2611 turns).

shadizar the Conjurer (Demigod Conjurer)            Turns: 2611, Time: 00:05:19

Health: -1/38      AC:  7    Str:  8    XL:     5   Next: 26%
Magic:  11/13      EV: 11    Int: 24    God:
Gold:   147        SH:  0    Dex: 12    Spells: 10/11 levels left

rFire   + . .        i - +0 short sword
rCold   + . .        (no shield)
rNeg    . . .        a - +0 robe
rPois   +            (no helmet)
rElec   +            (no cloak)
rCorr   +            d - +0 pair of gloves
SInv    .            (no boots)
Will    .....        (no amulet)
Stlth   ++           j - +4 ring of protection
HPRegen 0.26/turn    (no ring)
MPRegen 0.13/turn

%: no passive effects
@: lethally poisoned (-1 -> -13), resistant, slowed, very slow
A: high MP 1, forlorn, divine attributes
a: no special abilities


You were in a sewer.
You visited 1 branch of the dungeon, and saw 3 of its levels.
You also visited: Sewer.

You collected 147 gold pieces.

Inventory:

Hand Weapons
 i - a +0 short sword (weapon)
Armour
 a - a +0 robe (worn)
 d - a +0 pair of gloves (worn)
Jewellery
 j - a +4 ring of protection (left hand)
Scrolls
 c - a scroll of fear {unknown}
 e - a scroll of enchant weapon {unknown}
 f - a scroll of brand weapon {unknown}
 g - 2 scrolls of identify {unknown}
 h - a scroll of blinking {unknown}
Potions
 b - a potion of curing {unknown}
 k - a potion of heal wounds {unknown}
 l - a potion of resistance


   Skills:
 - Level 1.7 Dodging
 - Level 1.7 Stealth
 + Level 3.6 Spellcasting
 + Level 5.1 Conjurations


You had 10 spell levels left.
You knew the following spells:

 Your Spells              Type           Power      Damage    Failure   Level
a - Magic Dart            Conj           100%       1d8       1%          1

Your spell library contained the following spells:

 Spells                   Type           Power      Damage    Failure   Level
 Searing Ray              Conj           56%        2d6       1%          2
 Fulminant Prism          Conj/Alch      8%         3d7       34%         4
 Iskenderun's Mystic Bla Conj/Tloc 16%            2d5        (+2d2     34%         4
 Fireball                 Conj/Fire      8%         3d6       69%         5
 Cause Fear               Hex            2%         N/A       71%         4
 Dragon's Call            Summ           2%         N/A       100%        9


Dungeon Overview and Level Annotations

Branches:
Dungeon (3/15)              Sewer (1/1)


Innate Abilities, Weirdness & Mutations

You have an increased reservoir of magic. (+10% MP)
You shall have no god before yourself.
Your divine heritage dramatically boosts your attributes as you level up.


Message History

You have difficulty breathing.
You feel as though you will be slow longer.
You feel very sick.
Things that are here:
a rat corpse; a river rat corpse; an adder corpse You feel sick.
The kobold brigand throws a curare-tipped dart.
The curare-tipped dart misses you.
You feel very sick.
You are no longer poisoned.
You are too injured to fight recklessly!
Casting: Magic Dart (safe; 1% risk of failure)
Confirm with . or Enter, or press ? or * to list all spells.
Aiming: Magic Dart (safe; 1% risk of failure)
Press: ? - help, Shift-Dir - straight line, f - kobold brigand
Aim: a kobold brigand, wielding a +0 whip and quivering curare-tipped darts (100% to hit)
The magic dart hits the kobold brigand!
The kobold brigand is moderately wounded.
The kobold brigand throws a curare-tipped dart.
The curare-tipped dart barely misses you.
Unknown command.
Unknown command.
Casting: Magic Dart (safe; 1% risk of failure)
Confirm with . or Enter, or press ? or * to list all spells.
Aiming: Magic Dart (safe; 1% risk of failure)
Press: ? - help, Shift-Dir - straight line, f/p - kobold brigand
Aim: a kobold brigand, wielding a +0 whip and quivering curare-tipped darts (moderately wounded, 100% to hit)
The magic dart hits the kobold brigand.
The kobold brigand is moderately wounded.
The kobold brigand throws a curare-tipped dart.
The curare-tipped dart hits you.
You are lethally poisoned!
You have difficulty breathing.
* * * LOW HITPOINT WARNING * * *
You feel as though you will be slow longer.
Unknown command.
Unknown command.
It was a potion of resistance.
You feel protected.
You die...

#.....~~~~..∩~~≈≈≈≈≈~....~~~~~.
#~...~####~∩...#####~..~.####.~
##...## ##~.~## ##~..## #####
##~## ##~## #†# #~# #~# #~#
##~## ##~## ##~..## ##~..##
#~...@#####...~.#####~
#.....~~K†~.~.~......?
#..~.~#####..~..#####~ ##~.~##
##...## ##### #####


You could see a kobold brigand.

Vanquished Creatures
  A jelly (D:3)
  6 adders
  6 river rats
  A dart slug (D:3)
  5 ribbon worms
  3 bats
  3 endoplasms
  4 giant cockroaches (D:3)
  2 goblins
  6 hobgoblins
  5 kobolds
  3 quokkas (D:1)
  4 ball pythons
  3 frilled lizards
  10 rats
62 creatures vanquished.

Notes
Turn   | Place    | Note
-------+----------+-------------------------------------------
     0 | D:1      | shadizar the Demigod Conjurer began the quest for the Orb.
     0 | D:1      | Reached XP level 1. HP: 14/14 MP: 5/5
   154 | D:1      | You fall into a shaft and drop 1 floor!
   375 | D:1      | Reached XP level 2. HP: 20/20 MP: 3/7
   773 | D:1      | Reached skill level 4 in Conjurations
  1338 | D:2      | Reached XP level 3. HP: 26/26 MP: 6/9
  1883 | D:3      | HP: 1/26 [acid (6)]
  1890 | D:3      | Reached XP level 4. HP: 4/33 MP: 8/11
  2050 | D:3      | Found a glowing drain.
  2056 | Sewer    | Entered a sewer
  2320 | Sewer    | Reached XP level 5. HP: 9/38 MP: 10/13
  2330 | Sewer    | Reached skill level 5 in Conjurations
  2611 | Sewer    | Succumbed to a kobold brigand's curare-tipped dart

Illustrated notes

Levels and vault maps discovered:
D:1:      mainiacjoe_arrival_reflecting_pool, layout_basic
D:2:      layout_loops_cross, serial_glass, glass_columns_a, glass_columns_b,
          hellmonk_ecumenical_altar_inner_sanctum
D:3:      layout_rooms, gup_sewer_entry_bubbles
Sewer:    sewer_co_15_rooms

Skill      XL: |  1  2  3  4  5 |
---------------+----------------+-----
Spellcasting   | 2 3 |  3.6
Conjurations   | 4 5 |  5.1
Dodging        | |  1.7
Stealth        | |  1.7

Action                     |  1- 3 |  4- 6 || total
---------------------------+-------+-------++-------
  Melee: Unarmed           |    10 |       ||    10
         Short sword       |    13 |    15 ||    28
   Cast: Magic Dart        |    83 |    89 ||   172
    Use: Potion            |     1 |     2 ||     3
 Armour: Robe              |    30 |    37 ||    67
  Dodge: Dodged            |    36 |    32 ||    68

Table legend: (Time is in decaauts)
 A = Elapsed time spent in this place.
 B = Non-inter-level travel time spent in this place.
 C = Inter-level travel time spent in this place.
 D = Time resting spent in this place.
 E = Time spent auto-exploring this place.
 F = Levels seen in this place.
 G = Mean time per level.
                   A        B        C        D        E       F      G
               +--------+--------+--------+--------+--------+-----+--------+
         Total |   2691 |   2638 |     53 |      0 |   1995 |   4 |  672.8 |
       Dungeon |   2090 |   2037 |     53 |      0 |   1575 |   3 |  696.7 |
         Sewer |    601 |    601 |      0 |      0 |    420 |   1 |  601.0 |
               +--------+--------+--------+--------+--------+-----+--------+

Top non-repeatable levels by time:
     D:1: 925 daAuts
     D:2: 764 daAuts
   Sewer: 601 daAuts
     D:3: 399 daAuts
